Map: Ulrena

Players

ILLBdA

  • Race: Protoss Protoss
  • League: Diamond

IIIIIIIIIIII - Winner!

  • Race: Terran Terran
  • League: Diamond

VOD

Have the link to the VOD?

Description

Time

  • Played on: Dec. 13, 2015, 6:16 a.m.
  • Length: 9:57
Show
View Real Time Build Order
Export as new Build Order

ILLBdA Protoss 

Build Orders: Cannon Rush 

Get SALT Encoding   

  12  0:01  Probe (Chrono Boost)  
  13  0:12  Probe (Chrono Boost)  
  14  0:18  Pylon  
  14  0:22  Probe (Chrono Boost)  
  15  0:37  Probe (Chrono Boost)  
  15  0:39  Forge  
  16  0:47  Probe (Chrono Boost)  
  17  1:01  Probe (Chrono Boost)  
  18  1:11  Pylon  
  18  1:18  Pylon  
  18  1:23  Probe (Chrono Boost)  
  19  1:31  Photon Cannon  
  19  1:37  Photon Cannon  
  19  1:40  Photon Cannon  
  19  1:42  Pylon  
  19  1:44  Probe (Chrono Boost)  
  20  1:55  Probe (Chrono Boost)  
  20  2:00  Photon Cannon  
  20  2:15  Photon Cannon  
  20  2:40  Gateway  
  20  2:42  Assimilator  
  20  2:48  Assimilator  
  20  2:57  Probe (Chrono Boost)  
  20  3:07  Probe (Chrono Boost)  
  20  3:16  Pylon  
  20  3:18  Probe (Chrono Boost)  
  21  3:27  Cybernetics Core  
  21  3:28  Probe (Chrono Boost)  
  22  3:38  Photon Cannon x2  
  22  3:39  Probe (Chrono Boost)  
  25  3:50  Gateway  
  23  4:03  Adept (Chrono Boost)  
  23  4:04  Mothership Core, Warp Gate  
  27  4:16  Robotics Facility  
  27  4:20  Pylon  
  27  4:27  Adept (Chrono Boost)  
  31  4:42  Adept (Chrono Boost)  
  31  4:50  Gateway, Adept (Chrono Boost)  
  31  4:51  Pylon  
  33  5:03  Warp Prism (Chrono Boost)  
  37  5:09  Adept (Chrono Boost)  
  37  5:19  Adept (Chrono Boost)  
  39  5:33  Adept (Chrono Boost)  
  41  5:38  Pylon  
  45  5:50  Immortal (Chrono Boost)  
  45  6:16  Stalker x3  
  47  6:40  Immortal (Chrono Boost)  
  47  6:48  Adept  
  47  6:49  Adept x2  
  45  7:14  Immortal (Chrono Boost)  
  49  7:30  Nexus  
  49  7:35  Pylon  
  49  7:43  Stalker x2  
  53  7:48  Observer (Chrono Boost)  
  53  7:54  Stalker  
  55  8:09  Twilight Council  
  55  8:11  Observer (Chrono Boost)  
  55  8:12  Probe  
  57  8:24  Probe  
  58  8:32  Sentry x2  
  62  8:36  Probe  
  63  9:05  Pylon  
  63  9:11  Pylon  
  63  9:13  Pylon  
  61  9:33  Adept x3  
  53  9:53  Adept  
  53  9:54  Adept x2  
Show
View Real Time Build Order
Export as new Build Order

IIIIIIIIIIII Terran - Winner!

Build Orders:  

Get SALT Encoding   

  12  0:00  SCV  
  13  0:12  SCV  
  14  0:17  Supply Depot  
  14  0:24  SCV  
  15  0:31  Refinery  
  15  0:39  SCV  
  16  0:45  Barracks  
  16  0:51  SCV  
  16  0:56  Refinery  
  17  1:03  SCV  
  18  1:15  SCV  
  19  1:27  SCV  
  19  1:32  Supply Depot  
  20  1:33  Marine  
  20  1:34  Bunker  
  20  1:38  Bunker  
  21  1:50  Marine  
  20  2:08  Marine  
  17  2:28  SCV  
  15  2:37  Marine  
  17  2:44  Orbital Command  
  15  3:02  Marine  
  13  3:11  SCV  
  14  3:21  Factory  
  14  3:23  SCV  
  15  3:35  SCV, Barracks Tech Lab  
  16  3:47  SCV  
  17  3:59  SCV  
  18  4:04  Starport  
  18  4:11  SCV  
  18  4:23  SCV  
  19  4:29  Factory Reactor  
  19  4:36  SCV  
  20  4:45  Supply Depot  
  20  4:48  SCV, Barracks Reactor  
  21  4:54  Liberator  
  21  5:00  Liberator  
  21  5:04  SCV  
  25  5:19  SCV  
  29  5:28  Marine x2  
  30  5:31  SCV  
  32  5:40  Siege Tank  
  35  5:44  SCV  
  35  5:49  Supply Depot  
  36  5:56  SCV  
  37  6:13  Siege Tank  
  37  6:15  Marine x2  
  42  6:21  Liberator  
  40  6:37  Supply Depot  
  40  6:38  Supply Depot, Marine x2  
  43  7:06  Siege Tank  
  43  7:07  Marine  
  47  7:11  Barracks  
  47  7:19  SCV  
  48  7:24  Marine  
  48  7:29  Supply Depot  
  49  7:31  SCV  
  49  7:33  Liberator  
  50  7:43  Siege Tank  
  53  7:51  SCV  
  57  7:54  Barracks Reactor  
  57  8:03  SCV, Marine  
  59  8:07  Supply Depot  
  59  8:17  Supply Depot  
  59  8:21  Marine  
  59  8:24  Siege Tank  
  63  8:28  Liberator  
  63  8:32  Marine  
  64  8:38  Marine  
  65  8:44  Marine  
  69  8:54  Marine  
  70  9:20  Marine x3  
  72  9:38  Marine x3  
Tags
 
Matchup
PvT
Replay Pack
me
Add a new tag
Caveats
  • Supply blocks, unpowered buildings, or Contaminate may cause inaccurate times.
  • Supply counts are checked every 10 seconds.